 Dungeon Crawl Stone Soup version 0.28-a0-1594-ga885d4b3d6 (webtiles) character file.

Game seed: 15289342993503451009

110 lunkers the Insei (level 4, -12/32 HPs)
             Began as a Merfolk Transmuter on Jan 20, 2022.
             Mangled by an ogre (34 damage)
             ... on level 3 of the Dungeon.
             The game lasted 00:06:24 (3159 turns).

lunkers the Insei (Merfolk Transmuter)              Turns: 3159, Time: 00:06:24

Health: -12/32     AC:  2    Str: 10    XL:     4   Next: 91%
Magic:  2/7        EV: 20    Int: 14    God:
Gold:   95         SH:  0    Dex: 19    Spells: 1/7 levels left

rFire   . . .      SeeInvis .     - Unarmed
rCold   . . .      Faith    .   (shield currently unavailable)
rNeg    . . .      Spirit   .   (armour currently unavailable)
rPois   x          Reflect  .   (helmet currently unavailable)
rElec   .          Harm     .   (cloak currently unavailable)
rCorr   .          Rampage  .   (gloves currently unavailable)
Will    .....                   (boots currently unavailable)
Stlth   ++........              (no amulet)
HPRegen 0.10/turn               (no ring)
MPRegen 0.10/turn               (no ring)

@: spider-form, very slightly contaminated
A: venomous fangs, tiny, (nimble swimmer 2), (mertail)
a: End Transformation


You were on level 3 of the Dungeon.
You were a venomous arachnid creature.
You visited 1 branch of the dungeon, and saw 3 of its levels.

You collected 95 gold pieces.

Inventory:

Armour
 a - a +0 robe (melded)
 f - a scarf of shadows (melded)
Wands
 i - a wand of polymorph (13)
Scrolls
 h - a scroll of enchant weapon {unknown}
Potions
 b - a potion of degeneration {unknown}
 c - a potion of magic {unknown}
 d - 2 potions of ambrosia {unknown}
 e - a potion of invisibility {unknown}
 g - a potion of curing {unknown}


   Skills:
 - Level 1.1 Fighting
 - Level 2.6 Dodging
 * Level 5.2 Unarmed Combat
 - Level 2.0 Spellcasting
 + Level 4.3 Transmutations


You had one spell level left.
You knew the following spells:

 Your Spells              Type           Power      Damage    Failure   Level
b - Wereblood             Tmut           13%        N/A       17%         2
c - Spider Form           Tmut/Pois      7%         N/A       52%         3
p - Beastly Appendage     Tmut           26%        N/A       13%         1

Your spell library contained the following spells:

 Spells                   Type           Power      Damage    Failure   Level
 Ice Form                 Ice/Tmut       7%         N/A       86%         4


Dungeon Overview and Level Annotations

Branches:
Dungeon (3/15)

Altars:
Kikubaaqudgha
Uskayaw
The Shining One

Shops:
D:2 :


Innate Abilities, Weirdness & Mutations

You are a venomous arachnid creature.
You have poisonous fangs.
You are tiny and dextrous.
Your spellcasting is less reliable in this form.
Your armour is entirely melded.
You are incapable of wielding weapons or throwing items.
((You are very nimble when in or above water. (Stealth+, EV+, Speed+++)))
((Your lower body shifts to a powerful aquatic tail in water.))


Message History

There are monsters nearby!
There are monsters nearby!
You grow a pair of large bovine horns.
A goblin comes into view. It is wielding a +0 dagger.
The goblin hits you but does no damage.
A goblin comes into view. It is wielding a +0 dagger.
A goblin comes into view. It is wielding a +0 club.
Casting: Beastly Appendage (safe; 4% risk of failure)
Confirm with . or Enter, or press ? or * to list all spells.
The spell is quite dangerous to miscast (30% risk of failure)!
Continue anyway?
Your horns disappear.
You turn into a venomous arachnid creature.
Your scarf of shadows melds into your body.
Your +0 robe melds into your body.
The dungeon's light returns to normal.
The goblin completely misses you.
Casting: Spider Form (extremely dangerous; 52% risk of failure)
Confirm with . or Enter, or press ? or * to list all spells.
You miscast Wereblood.
You are very lightly contaminated with residual magic.
Nothing appears to happen.
* * * LOW MAGIC WARNING * * *
The goblin barely misses you.
Unknown command.
You closely miss the goblin. The goblin completely misses you.
You hit the goblin.
You kill the goblin!
You bite the goblin!
You kill the goblin!
The goblin unwields a +0 dagger.
The goblin wields a +0 hunting sling.
The goblin shoots a stone.
The stone closely misses you.
The ogre hits you with a +0 giant spiked club!
Things that are here:
a +0 dagger; a +0 club; a goblin corpse You hit the ogre.
The ogre is poisoned.
The ogre is lightly wounded.
You bite the ogre!
The ogre looks as sick as possible!
The ogre is heavily wounded.
The ogre hits you with a +0 giant spiked club!!
Ouch! That really hurt!
You die...

.♣♣.♣♣..♣ ..#♣♣.♣
....♣.♣♣#
.####.#.#########
.####.....)......
..........#######
#########>#
#.##########
#.......sOg#
##########ggg..#
###g(.# ####


You could see an ogre (extremely poisoned) and 5 goblins.

Vanquished Creatures
  Ijyb (D:3)
  3 adders (D:3)
  A worm (D:2)
  A dart slug (D:1)
  6 endoplasms
  2 giant cockroaches (D:2)
  3 hobgoblins (D:1)
  2 jackals (D:3)
  A quokka (D:2)
  8 ball pythons
  4 bats
  11 frilled lizards
  5 goblins
  3 kobolds (D:2)
  4 rats
55 creatures vanquished.

Vanquished Creatures (others)
  3 plants (D:3)
3 creatures vanquished.

Grand Total: 58 creatures vanquished

Notes
Turn   | Place    | Note
-------+----------+-------------------------------------------
     0 | D:1      | lunkers the Merfolk Transmuter began the quest for the Orb.
     0 | D:1      | Reached XP level 1. HP: 15/15 MP: 3/3
   333 | D:1      | Reached XP level 2. HP: 11/21 MP: 3/5
   694 | D:1      | Reached skill level 4 in Unarmed Combat
   702 | D:1      | Learned a level 2 spell: Wereblood
   874 | D:1      | Reached XP level 3. HP: 26/26 MP: 2/6
  1341 | D:2      | Found Ofoduhubis's Book Emporium.
  1495 | D:2      | You fall into a shaft and drop 1 floor!
  1639 | D:3      | Found an ancient bone altar of Kikubaaqudgha.
  1708 | D:3      | Reached XP level 4. HP: 8/32 MP: 3/7
  2004 | D:3      | Found a hide-covered altar of Uskayaw.
  2013 | D:3      | Found a glowing golden altar of the Shining One.
  2298 | D:2      | Learned a level 3 spell: Spider Form
  2897 | D:3      | Reached skill level 5 in Unarmed Combat
  3106 | D:3      | Noticed Ijyb
  3121 | D:3      | Killed Ijyb
  3147 | D:3      | Noticed an ogre
  3159 | D:3      | Mangled by an ogre

Illustrated notes

Levels and vault maps discovered:
D:1:      roderic_chinese_lattice_arrival, layout_rooms,
          corexii_leaking_fountain, grunt_decor_fettered, minmay_lizard_pond
D:2:      layout_loops_ring, serial_shops, shop_statue,
          kennysheep_generic_room_12
D:3:      layout_loops_ring, general_overflow_altar,
          nicolae_ru_sacrificial_ziggurat, mainiacjoe_overflow_24_doors,
          mainiacjoe_overflow_swirl, serial_forest, infiniplex_forest_3_way,
          infiniplex_forest_clump_diagonal, infiniplex_forest_straight_3,
          infiniplex_forest_end_2, infiniplex_forest_straight_1,
          infiniplex_forest_end_2, infiniplex_forest_lined_room_,
          minmay_ogre_servants, uniq_ijyb

Skill      XL: |  1  2  3  4 |
---------------+-------------+-----
Transmutations | 3 4 |  4.3
Unarmed Combat | 4 5 |  5.2
Fighting       | |  1.1
Dodging        | |  2.6
Spellcasting   | |  2.0

Action                   |  1- 3 |  4- 6 || total
-------------------------+-------+-------++-------
Melee: Unarmed           |   112 |    52 ||   164
       Headbutt          |    12 |     2 ||    14
       Punch             |     3 |     1 ||     4
 Cast: Beastly Appendage |    21 |     6 ||    27
       Wereblood         |    12 |     5 ||    17
       Spider Form       |       |     1 ||     1
Armor: Robe              |    19 |     3 ||    22
       Skin              |       |     5 ||     5
Dodge: Dodged            |    55 |    32 ||    87

Table legend: (Time is in decaauts)
 A = Elapsed time spent in this place.
 B = Non-inter-level travel time spent in this place.
 C = Inter-level travel time spent in this place.
 D = Time resting spent in this place.
 E = Time spent auto-exploring this place.
 F = Levels seen in this place.
 G = Mean time per level.
                   A        B        C        D        E       F      G
               +--------+--------+--------+--------+--------+-----+--------+
         Total |   3145 |   3092 |     53 |     13 |   2660 |   3 | 1048.3 |
       Dungeon |   3145 |   3092 |     53 |     13 |   2660 |   3 | 1048.3 |
               +--------+--------+--------+--------+--------+-----+--------+

Top non-repeatable levels by time:
     D:2: 1186 daAuts
     D:1: 1098 daAuts
     D:3: 860 daAuts
